 Dungeon Crawl Stone Soup version 0.27-a0-1140-g099f9bb0e8 (webtiles) character file.

Game seed: 4155385349230854619

450 Zeld the Skirmisher (level 7, 0/50 HPs)
             Began as an Octopode Fighter on May 9, 2021.
             Was an Initiate of Okawaru.
             Killed from afar by an orc wizard (7 damage)
             ... with a magic dart
             ... on level 3 of the Dungeon.
             The game lasted 00:04:12 (5576 turns).

Zeld the Skirmisher (Octopode Fighter)              Turns: 5576, Time: 00:04:13

Health: 0/50       AC:  1    Str: 18    XL:     7   Next: 4%
Magic:  7/7        EV: 13    Int: 10    God:    Okawaru [......]
Gold:   109        SH:  0    Dex: 11    Spells: 6/6 levels left

rFire    . . .     SeeInvis .   a - +0 war axe
rCold    . . .     Faith    .   (no shield)
rNeg     . . .     Spirit   .   (helmet restricted)
rPois    .         Reflect  .   (no amulet)
rElec    .         Harm     .   (no ring)
rCorr    .         Rampage  .   (no ring)
Will     .....                  (no ring)
Stlth    ++........             (no ring)
HPRegen  0.16/turn              (no ring)
MPRegen  0.10/turn              (no ring)
                                (no ring)
                                (no ring)

@: no status effects
A: almost no armour, amphibious, 8 rings, camouflage 1, gelatinous body 1,
(nimble swimmer 1), tentacles
a: Renounce Religion


You were on level 3 of the Dungeon.
You worshipped Okawaru.
Okawaru was noncommittal.
You visited 2 branches of the dungeon, and saw 6 of its levels.

You collected 109 gold pieces.

Inventory:

Hand Weapons
 a - a +0 war axe (weapon)
Missiles
 c - 3 poisoned darts (quivered)
Wands
 h - a wand of paralysis (4)
Scrolls
 b - a scroll of enchant armour {unknown}
 f - a scroll of teleportation {unknown}
 g - 3 scrolls of identify {unknown}
Potions
 d - 2 potions of flight {unknown}
 e - 2 potions of curing {unknown}
 i - a potion of attraction {unknown}


   Skills:
 - Level 5.5 Fighting
 - Level 5.0 Axes
 * Level 2.3 Throwing
 - Level 3.0 Dodging
 - Level 3.0 Shields


You had 6 spell levels left.
You didn't know any spells.
Your spell library contained the following spells:

 Spells                   Type           Power      Damage    Failure   Level
 Beastly Appendage        Tmut           0%         N/A       36%         1
 Wereblood                Tmut           0%         N/A       50%         2
 Spider Form              Tmut/Pois      0%         N/A       75%         3
 Ice Form                 Ice/Tmut       0%         N/A       98%         4
 Hydra Form               Tmut           0%         N/A       100%        5


Dungeon Overview and Level Annotations

Branches:
Dungeon (5/15)             Temple (1/1) D:4

Altars:
Ashenzari
Dithmenos
Elyvilon
Gozag
Hepliaklqana
Makhleb
Nemelex Xobeh
Okawaru
Ru
Sif Muna
Trog
Vehumet
Wu Jian
Xom
Yredelemnul
Zin

Shops:
D:1 ==


Innate Abilities, Weirdness & Mutations

You cannot wear most types of armour.
You are amphibious.
You can wear up to eight rings at the same time.
Your skin changes colour to match your surroundings (Stealth+).
Your rubbery body absorbs attacks. (AC +1, EV +1)
((You are camouflaged near water. (Stealth+)))
You have tentacles for arms and can constrict up to eight enemies at once.


Message History

Okay, then.
There is a stone staircase leading down, spattered with blood here.
You see here a +0 short sword.
That's the wrong kind of item! (Use * to select it.) Evoke which item? (* to show all) (? for menu, Esc to quit)
Okay, then.
Aiming: Paralyse
Press: ? - help, Shift-Dir - straight line, f - orc warrior
Aim: an orc warrior, wielding a +0 scimitar and wearing a +0 chain mail (chance to affect: 46%)
The orc warrior resists with some effort.
The orc warrior hits you with a +0 scimitar.
Unknown command.
Aiming: Paralyse
Press: ? - help, Shift-Dir - straight line, f/p - orc warrior
Aim: an orc warrior, wielding a +0 scimitar and wearing a +0 chain mail (chance to affect: 46%)
The orc warrior resists with some effort.
The orc warrior hits you with a +0 scimitar!!
* * * LOW HITPOINT WARNING * * *
Aiming: Paralyse
Press: ? - help, Shift-Dir - straight line, f/p - orc warrior
Aim: an orc warrior, wielding a +0 scimitar and wearing a +0 chain mail (chance to affect: 46%)
The orc warrior resists with some effort.
The orc warrior barely misses you.
Unknown command.
Aiming: Paralyse
Press: ? - help, Shift-Dir - straight line, f/p - orc warrior
Aim: an orc warrior, wielding a +0 scimitar and wearing a +0 chain mail (chance to affect: 46%)
The orc warrior suddenly stops moving!
Unknown command.
There is a stone staircase leading up here.
Okay, then.
You climb upwards.
There is a stone staircase leading down, spattered with blood here.
The orc priest looks encouraged for a moment.
The orc wizard points at you and mumbles some strange words.
The magic dart hits you.
* * * LOW HITPOINT WARNING * * *
The orc wizard casts a spell at you. The magic dart hits you!
You die...

#########.### #.##.#
#...#######.##.#####
##.#................#
#..........)....###.##
#.....<...............
#.#.###.....##..###.#.
#.#.####...###..# #.#.###
#....####.## #..##........
##.#.#.###@# #...#..######
#######..#.##..#.# ##..#..#$....
.................#####..#..#.....
.#..###..#.##..o......).#..#.._..
###.#.....#..#.#....###))..#...$.
.#..#.###...##o####.##.)...#....$
...##.# ##.###.# #.#......###+##
.####.####.###o####.#........o{.o
.####.##............#.#.o....####


You could see an orc priest and an orc wizard.

Vanquished Creatures
  A black bear (D:3)
  A necrophage (D:1)
  A scorpion (D:4)
  An orc priest (D:4)
  2 orc wizards (D:5)
  4 adders
  3 worms (D:3)
  An adder skeleton (D:4)
  2 dart slugs
  5 orcs
  A bat (D:1)
  11 endoplasms
  3 giant cockroaches
  9 goblins
  7 hobgoblins
  9 jackals
  7 kobolds
  A quokka (D:2)
  5 ball pythons
  2 frilled lizards (D:1)
  3 rats
79 creatures vanquished.

Notes
Turn   | Place    | Note
-------+----------+-------------------------------------------
     0 | D:1      | Zeld the Octopode Fighter began the quest for the Orb.
     0 | D:1      | Reached XP level 1. HP: 16/16 MP: 1/1
    52 | D:1      | Reached XP level 2. HP: 4/21 MP: 2/2
   546 | D:1      | Found Cucvofog's Jewellery Shop.
   551 | D:1      | Reached XP level 3. HP: 16/26 MP: 3/3
   855 | D:1      | Found Wuanwiuj's Jewellery Shoppe.
  1064 | D:2      | Noticed a necrophage
  1076 | D:1      | Killed a necrophage
  1077 | D:1      | Reached XP level 4. HP: 22/34 MP: 4/4
  1077 | D:1      | Reached XP level 5. HP: 25/38 MP: 5/5
  2464 | D:3      | Noticed a black bear
  2471 | D:3      | Killed a black bear
  2472 | D:3      | Reached skill level 5 in Fighting
  2472 | D:3      | Reached XP level 6. HP: 8/45 MP: 6/6
  2839 | D:3      | Found a faded altar of an unknown god.
  3033 | D:3      | Found a shimmering altar of Xom.
  3338 | D:3      | Noticed an orc warrior
  3371 | D:4      | Reached skill level 5 in Axes
  3576 | D:5      | Entered Level 5 of the Dungeon
  3920 | D:5      | Reached skill level 1 in Throwing
  5188 | D:4      | Reached XP level 7. HP: 45/50 MP: 7/7
  5220 | D:4      | Found a staircase to the Ecumenical Temple.
  5286 | Temple   | Entered the Ecumenical Temple
  5486 | Temple   | Became a worshipper of Warmaster Okawaru
  5576 | D:3      | Killed from afar by an orc wizard

Illustrated notes

Levels and vault maps discovered:
D:1:      amcnicky_arrival_gap_in_the_tavern_cellar, layout_basic, serial_shops,
          shop, shop, glass_columns_c
D:2:      layout_basic, hangedman_decor_push
D:3:      layout_loops_ring, amcnicky_altar_gilded,
          ebering_ecumenical_altar_abandoned
D:4:      layout_rooms, lemuel_tele_altar, minmay_temple_entry_sparse_star
D:5:      layout_basic
Temple:   regret_index_temple_generic_petals

Skill      XL: |  1  2  3  4  5  6 |
---------------+-------------------+-----
Fighting       | 4 5 |  5.5
Axes           | 3 4 5 |  5.0
Throwing       | 2 |  2.3
Dodging        | |  3.0
Shields        | |  3.0

Action                   |  1- 3 |  4- 6 |  7- 9 || total
-------------------------+-------+-------+-------++-------
Melee: War axe           |    39 |    84 |     3 ||   126
       Constrict         |    15 |    19 |     1 ||    35
       Tentacles         |    10 |    15 |     2 ||    27
Evoke: Wand              |       |       |     4 ||     4
  Use: Potion            |       |     1 |       ||     1
 Stab: Sleeping          |     3 |    11 |       ||    14
Armor: Skin              |    11 |     4 |       ||    15
Dodge: Dodged            |    32 |    48 |     4 ||    84

Table legend: (Time is in decaauts)
 A = Elapsed time spent in this place.
 B = Non-inter-level travel time spent in this place.
 C = Inter-level travel time spent in this place.
 D = Time resting spent in this place.
 E = Time spent auto-exploring this place.
 F = Levels seen in this place.
 G = Mean time per level.
                   A        B        C        D        E       F      G
               +--------+--------+--------+--------+--------+-----+--------+
         Total |   5620 |   5535 |     85 |   1690 |   3252 |   6 |  936.7 |
       Dungeon |   5397 |   5334 |     63 |   1690 |   3065 |   5 | 1079.4 |
        Temple |    223 |    201 |     22 |      0 |    187 |   1 |  223.0 |
               +--------+--------+--------+--------+--------+-----+--------+

Top non-repeatable levels by time:
     D:5: 1601 daAuts
     D:2: 1314 daAuts
     D:1: 1085 daAuts
     D:3: 1010 daAuts
     D:4: 385 daAuts
  Temple: 223 daAuts
